 Dungeon Crawl Stone Soup version 0.29-a0-845-g6161e89988 (webtiles) character file.

Game seed: 3924536332577354504

2369 clackabat the Basher (level 9, 0/82 HPs)
             Began as a Minotaur Monk on July 16, 2022.
             Was a Believer of Okawaru.
             Slain by a two-headed ogre
             ... wielding a +0 giant club
              (11 damage)
             ... on level 7 of the Dungeon.
             The game lasted 00:13:51 (6656 turns).

clackabat the Basher (Minotaur Monk)                Turns: 6656, Time: 00:13:51

Health: 0/82       AC:  7    Str: 20    XL:     9   Next: 21%
Magic:  8/8        EV: 16    Int: 13    God:    Okawaru [**....]
Gold:   412        SH:  0    Dex: 15    Spells: 8/8 levels left

rFire   . . .      SeeInvis .   E - +11 hammer of a Thousand Xeniums {spect, +Blink Str+4 Int+4 Stlth+}
rCold   . . .      Faith    .   (no shield)
rNeg    . . .      Spirit   .   m - +0 ring mail
rPois   .          Reflect  .   (helmet restricted)
rElec   .          Harm     .   f - +0 cloak
rCorr   .          Rampage  .   t - +0 pair of gloves
Will    .....                   (no boots)
Stlth   ++........              (no amulet)
HPRegen 0.23/turn               j - +4 ring of evasion
MPRegen 0.11/turn               u - ring of flight

@: flying
A: horns 2, retaliatory headbutt
a: Renounce Religion, Evoke Blink, Heroism


You were on level 7 of the Dungeon.
You worshipped Okawaru.
Okawaru was pleased with you.
You visited 2 branches of the dungeon, and saw 8 of its levels.

You collected 412 gold pieces.

Inventory:

Hand Weapons
 a - a +0 hand axe of flaming
 E - the +11 hammer of a Thousand Xeniums (weapon) {spect, +Blink Str+4 Int+4 Stlth+}
   (You found it on level 2 of the Dungeon)

   When its wielder attacks, the weapon's spirit leaps out and strikes again.
   The spirit shares a part of any damage it takes with its wielder.
   Str:       It affects your strength (+4).
   Int:       It affects your intelligence (+4).
   +Blink:    It lets you blink.
   Stlth:     It makes you more stealthy.
Missiles
 v - 12 poisoned darts (quivered)
Armour
 e - a +0 leather armour
 f - a +0 cloak (worn)
 m - a +0 ring mail (worn)
 t - a +0 pair of gloves (worn)
Jewellery
 h - a ring of fire
 j - a +4 ring of evasion (left hand)
 u - a ring of flight (right hand)
Wands
 C - a wand of polymorph (4)
Scrolls
 b - a scroll of fog {unknown}
 d - 2 scrolls of brand weapon
 g - a scroll of fear
 i - a scroll of magic mapping
 k - a scroll of noise {unknown}
 l - 2 scrolls of teleportation {unknown}
 n - a scroll of summoning {unknown}
 o - 4 scrolls of poison {unknown}
 p - a scroll of vulnerability {unknown}
 r - a scroll of torment {unknown}
 y - a scroll of enchant armour {unknown}
 H - a scroll of silence {unknown}
 I - a scroll of enchant weapon {unknown}
 K - a scroll of identify
Potions
 c - a potion of ambrosia
 q - 3 potions of might
 s - a potion of curing
 w - 3 potions of attraction
 x - 3 potions of degeneration
 z - a potion of berserk rage
 A - a potion of flight
 B - a potion of brilliance
 D - a potion of heal wounds
 F - a potion of cancellation {unknown}
 G - a potion of mutation {unknown}
 J - a potion of lignification {unknown}


   Skills:
 + Level 8.9 Fighting
 - Level 5.9(8.9) Axes
 * Level 10.4(11.1) Maces & Flails
 + Level 2.9 Armour
 + Level 4.4 Dodging
 - Level 1.5 Stealth


You had 8 spell levels left.
You didn't know any spells.
Your spell library contained the following spells:

 Spells                   Type           Power      Damage    Failure   Level
 Portal Projectile        Hex/Tloc       0%         N/A       83%         3
 Blade Hands              Tmut           0%         N/A       100%        5
 Summon Small Mammal      Summ           Unusable   N/A       N/A         1
 Call Canine Familiar     Summ           Unusable   N/A       N/A         3
 Summon Guardian Golem    Hex/Summ       Unusable   N/A       N/A         3
 Tukima's Dance           Hex            Unusable   N/A       N/A         3

Dungeon Overview and Level Annotations

Branches:
Dungeon (7/15)             Temple (1/1) D:4

Altars:
Cheibriados
Dithmenos
Fedhas
Gozag
Hepliaklqana
Kikubaaqudgha
Makhleb
Okawaru
Qazlal
Ru
Sif Muna
Trog
Uskayaw
Vehumet
Wu Jian
Xom
Yredelemnul
Zin
The Shining One

Shops:
D:6 [(   D:7 (


Innate Abilities, Weirdness & Mutations

You have a pair of horns on your head.
You reflexively headbutt those who attack you in melee.


Message History

No target in view!
Found a stone staircase leading down.
Found Toss's Weapon Shoppe.
You now have 412 gold pieces (gained 18).
There is a stone staircase leading down here.
You see here a +0 leather armour.
K - a scroll of identify An iguana comes into view.
The iguana hisses angrily.
An iguana is nearby!
Found 7 gold pieces.
Found 31 gold pieces and a ring mail.
Found a hazy altar of Hepliaklqana.
A two-headed ogre comes into view. It is wielding two +0 giant clubs.
The iguana barely misses you.
You closely miss the iguana.
Your +11 hammer of a Thousand Xeniums {spect, +Blink Str+4 Int+4 Stlth+} barely misses the iguana.
The two-headed ogre shouts in stereo!
The iguana completely misses you.
You sock the iguana! You headbutt the iguana!
You kill the iguana!
Okawaru accepts your kill.
You sock the two-headed ogre!
Your headbutt misses the two-headed ogre.
The two-headed ogre is lightly wounded.
Your +11 hammer of a Thousand Xeniums {spect, +Blink Str+4 Int+4 Stlth+} hits the two-headed ogre!
The two-headed ogre misses you.
The two-headed ogre hits you with a +0 giant club!
You swap places.
Found a shimmering blue altar of Sif Muna.
The two-headed ogre hits you with a +0 giant club!! x2
* * * LOW HITPOINT WARNING * * *
You see here an iguana corpse.
You hit the two-headed ogre. You headbutt the two-headed ogre.
The two-headed ogre is moderately wounded.
Your +11 hammer of a Thousand Xeniums {spect, +Blink Str+4 Int+4 Stlth+} completely misses the two-headed ogre.
You sock the two-headed ogre!
The two-headed ogre is heavily wounded.
Your +11 hammer of a Thousand Xeniums {spect, +Blink Str+4 Int+4 Stlth+} hits the two-headed ogre!
The two-headed ogre hits you with a +0 giant club!
You die...

#######.#
#.......#
##.#.###..#
#............
#...#####+##.#
#..### #
#.##.##
##ยง8..$#._
#.@O..$#..
#..(..$#..
#..8..$#._
#..##.## .
#... ## #[..
#... #.###


You could see a two-headed ogre and a friendly +11 hammer of a Thousand Xeniums
{spect, +Blink Str+4 Int+4 Stlth+} (summoned).

Vanquished Creatures
  2 wyverns (D:7)
  A steam dragon (D:6)
  A water moccasin (D:7)
  3 sky beasts
  2 black bears (D:5)
  3 ice beasts
  An ogre (D:6)
  A kobold brigand (D:7)
  A necrophage (D:4)
  2 bullfrogs
  3 scorpions
  2 howler monkeys (D:7)
  A jelly (D:6)
  A hound (D:6)
  An orc priest (D:7)
  Crazy Yiuf (D:2)
  4 iguanas
  2 orc wizards
  10 adders
  2 white imps (D:6)
  An ufetubus (D:5)
  3 worms
  A dart slug (D:5)
  23 orcs
  6 endoplasms
  6 giant cockroaches
  4 goblins
  6 hobgoblins
  4 jackals
  14 kobolds
  3 quokkas
  5 ball pythons
  6 bats
  3 frilled lizards
  8 rats
137 creatures vanquished.

Notes
Turn   | Place    | Note
-------+----------+-------------------------------------------
     0 | D:1      | clackabat the Minotaur Monk began the quest for the Orb.
     0 | D:1      | Reached XP level 1. HP: 19/19 MP: 0/0
   577 | D:1      | Reached XP level 2. HP: 27/27 MP: 1/1
   829 | D:1      | Found a faded altar of an unknown god.
  1074 | D:2      | Reached XP level 3. HP: 32/33 MP: 2/2
  1319 | D:2      | Found a shimmering blue altar of Sif Muna.
  1441 | D:2      | Found a runed translucent door.
  1442 | D:2      | Noticed Crazy Yiuf
  1839 | D:3      | Reached skill level 5 in Axes
  1961 | D:3      | Reached XP level 4. HP: 41/41 MP: 3/3
  2130 | D:3      | Found a burning altar of Makhleb.
  2130 | D:3      | Noticed a blizzard demon
  2237 | D:3      | Noticed an orange demon
  2237 | D:3      | Noticed a hellwing
  2883 | D:2      | Killed Crazy Yiuf
  2886 | D:2      | Identified the +11 hammer of a Thousand Xeniums {spect,
                  | +Blink Str+4 Int+4 Stlth+}
  3144 | D:4      | Reached XP level 5. HP: 44/47 MP: 4/4
  3182 | D:4      | Reached skill level 1 in Maces & Flails
  3217 | D:4      | Found a staircase to the Ecumenical Temple.
  3226 | Temple   | Entered the Ecumenical Temple
  3354 | D:4      | Reached skill level 5 in Fighting
  3377 | D:4      | Found a bloodstained altar of Trog.
  3396 | D:4      | Reached skill level 2 in Maces & Flails
  3474 | D:4      | Reached skill level 3 in Maces & Flails
  3698 | D:4      | Reached XP level 6. HP: 53/56 MP: 5/5
  3767 | D:4      | Reached skill level 4 in Maces & Flails
  3852 | D:5      | Entered Level 5 of the Dungeon
  3958 | D:5      | Noticed an ice beast
  3965 | D:5      | Killed an ice beast
  3966 | D:5      | Reached skill level 5 in Maces & Flails
  4043 | D:5      | Found an ancient bone altar of Kikubaaqudgha.
  4044 | D:5      | Found a snail-covered altar of Cheibriados.
  4071 | D:5      | Found a sacrificial altar of Ru.
  4091 | D:5      | Found a shadowy altar of Dithmenos.
  4231 | D:5      | Reached XP level 7. HP: 64/64 MP: 6/6
  4247 | D:5      | Reached skill level 6 in Maces & Flails
  4974 | D:6      | Reached skill level 7 in Maces & Flails
  4991 | D:6      | Found a glowing golden altar of the Shining One.
  5102 | D:6      | Found Jolum's Weapon Boutique.
  5107 | D:6      | Noticed a steam dragon
  5116 | D:6      | Reached XP level 8. HP: 73/73 MP: 7/7
  5123 | D:6      | Reached skill level 8 in Maces & Flails
  5448 | D:6      | Found Nashraj's Armour Emporium.
  5451 | D:6      | Reached skill level 9 in Maces & Flails
  6030 | D:7      | Found a shimmering altar of Xom.
  6031 | D:7      | Found a shimmering altar of Xom.
  6031 | D:7      | Found a shimmering altar of Xom.
  6032 | D:7      | Found a shimmering altar of Xom.
  6032 | D:7      | Found a shimmering altar of Xom.
  6036 | D:7      | Found a shimmering altar of Xom.
  6036 | D:7      | Found a shimmering altar of Xom.
  6047 | D:7      | Reached skill level 1 in Armour
  6198 | D:7      | Reached skill level 10 in Maces & Flails
  6198 | D:7      | Reached XP level 9. HP: 58/82 MP: 8/8
  6313 | D:7      | Found a stormy altar of Qazlal.
  6342 | D:7      | Found an iron altar of Okawaru.
  6359 | D:7      | Became a worshipper of Warmaster Okawaru
  6359 | D:7      | Reached * piety under Okawaru
  6359 | D:7      | Reached ** piety under Okawaru
  6499 | D:7      | Found Toss's Weapon Shoppe.
  6649 | D:7      | Found a hazy altar of Hepliaklqana.
  6650 | D:7      | Noticed a two-headed ogre
  6654 | D:7      | Found a shimmering blue altar of Sif Muna.
  6656 | D:7      | Slain by a two-headed ogre

Illustrated notes

Levels and vault maps discovered:
D:1:      onia_arrival_mini_maze_b, layout_basic,
          hellmonk_ecumenical_altar_leap_of_faith
D:2:      layout_loops_ring, basic_altar, uniq_crazy_yiuf_cottage
D:3:      minmay_bubble_buster, layout_loops_ring, makhleb_altar_promises_db,
          serial_rivers, chequers_serial_rivers_small_b,
          chequers_serial_rivers_micro_e, chequers_serial_rivers_micro_e,
          chequers_serial_rivers_small_b, chequers_serial_rivers_room_b,
          chequers_serial_rivers_small_b, item_on_display_a
D:4:      layout_gridville, kennysheep_little_box, temple_hall
D:5:      layout_layer_cave, nicolae_ru_the_path_less_chosen,
          nicolae_dithmenos_the_darkroom, gammafunk_temple_overflow_statue
D:6:      layout_loops_corners, tso_altar, serial_shops, shop,
          chequers_mini_garden, kennysheep_diamond,
          chequers_serial_rivers_micro_c, kennysheep_generic_room_5
D:7:      layout_loops_ring, mainiacjoe_overflow_chevrons,
          nicolae_xom_altar_mimics, nicolae_qazlal_scattered_showers,
          jmf_multi_god_temple, serial_shops, nicolae_take_the_stairs
Temple:   hellmonk_temple_of_storms

Skill      XL: |  1  2  3  4  5  6  7  8 |
---------------+-------------------------+-----
Axes           | 4 5 |  5.9
Fighting       | 4 5 6 7 8 |  8.9
Maces & Flails | 3 5 7 10 | 10.4
Armour         | 2 |  2.9
Dodging        | 4 |  4.4
Stealth        | |  1.5

Action                   |  1- 3 |  4- 6 |  7- 9 || total
-------------------------+-------+-------+-------++-------
Melee: Hand axe          |    77 |    33 |       ||   110
       Headbutt          |    15 |     8 |    19 ||    42
       Mace              |       |    27 |    99 ||   126
       Unarmed           |       |     2 |       ||     2
Throw: Throwing net      |       |     1 |       ||     1
  Use: Scroll            |     1 |    10 |       ||    11
 Stab: Sleeping          |     3 |     4 |     3 ||    10
Armor: Robe              |     5 |       |       ||     5
       Ring mail         |    16 |    13 |    14 ||    43
Dodge: Dodged            |    56 |    35 |    52 ||   143

Table legend: (Time is in decaauts)
 A = Elapsed time spent in this place.
 B = Non-inter-level travel time spent in this place.
 C = Inter-level travel time spent in this place.
 D = Time resting spent in this place.
 E = Time spent auto-exploring this place.
 F = Levels seen in this place.
 G = Mean time per level.
                   A        B        C        D        E       F      G
               +--------+--------+--------+--------+--------+-----+--------+
         Total |   6662 |   5763 |    899 |     28 |   4922 |   8 |  832.8 |
       Dungeon |   6621 |   5762 |    859 |     28 |   4922 |   7 |  945.9 |
        Temple |     41 |      1 |     40 |      0 |      0 |   1 |   41.0 |
               +--------+--------+--------+--------+--------+-----+--------+

Top non-repeatable levels by time:
     D:2: 1120 daAuts
     D:6: 1056 daAuts
     D:3: 1026 daAuts
     D:5: 1004 daAuts
     D:1: 919 daAuts
     D:4: 761 daAuts
     D:7: 733 daAuts
  Temple: 41 daAuts
